 Dungeon Crawl Stone Soup version 0.29.0-11-gd7f09526c8 (webtiles) character file.

Game seed: 13611174958543121769

50 mdonais the Insei (level 3, -4/27 HPs)
             Began as an Octopode Wanderer on Sept 3, 2022.
             Was an Initiate of Gozag.
             Slain by Grinder (9 damage)
             ... on level 3 of the Dungeon.
             The game lasted 00:07:53 (1952 turns).

mdonais the Insei (Octopode Wanderer)               Turns: 1952, Time: 00:07:53

Health: -4/27      AC:  1    Str:  8 (10) XL:     3   Next: 79%
Magic:  3/3        EV: 12    Int: 11 (12) God:    Gozag
Gold:   143        SH:  0    Dex: 14 (16) Spells: 2/2 levels left

rFire   . . .      SeeInvis .     - Unarmed
rCold   . . .      Faith    .   (no shield)
rNeg    . . .      Spirit   .   a - +0 hat
rPois   .          Reflect  .   (no amulet)
rElec   .          Harm     .   (no ring)
rCorr   .          Rampage  .   (no ring)
Will    .....                   (no ring)
Stlth   +++.......              (no ring)
HPRegen 0.09/turn               (no ring)
MPRegen 0.08/turn               (no ring)
                                (no ring)
                                (no ring)

@: brilliant, gold aura, hasted, very quick
A: almost no armour, amphibious, 8 rings, camouflage 1, gelatinous body 1,
(nimble swimmer 1), tentacles
a: Renounce Religion, Potion Petition, Call Merchant, Bribe Branch


You were on level 3 of the Dungeon.
You worshipped Gozag.
Gozag was aware of your devotion.
You visited 1 branch of the dungeon, and saw 3 of its levels.

You collected 143 gold pieces.

Inventory:

Hand Weapons
 b - a +0 sling
   (You found it on level 2 of the Dungeon)
 c - a +0 spear
 f - a +0 dagger
   (You took it off a goblin on level 1 of the Dungeon)
Armour
 a - a +0 hat (worn)
Scrolls
 h - a scroll of enchant armour {unknown}
 i - a scroll of vulnerability {unknown}
 j - 2 scrolls of identify {unknown}
 k - a scroll of teleportation {unknown}
 m - a scroll of magic mapping {unknown}
Potions
 l - a potion of brilliance
 H - a potion of haste


   Skills:
 + Level 3.7 Fighting
 - Level 1.0 Polearms
 - Level 3.3 Stealth
 - Level 4.0 Unarmed Combat
 - Level 1.1 Evocations


You had 2 spell levels left.
You didn't know any spells.
Your spell library contained the following spells:

 Spells                   Type           Power      Damage    Failure   Level
 Freeze                   Ice            0%         1d3       34%         1
 Frozen Ramparts          Ice            0%         1d1       71%         3
 Hailstorm                Conj/Ice       0%         3d3       98%         4


Dungeon Overview and Level Annotations

Branches:
Dungeon (3/15) Zot: 16051

Altars:
Gozag

Shops:
D:2 (

Annotations:
D:2 Jessica, Natasha, Sigmund
D:3 Grinder, Ijyb


Innate Abilities, Weirdness & Mutations

You cannot wear most types of armour.
You are amphibious.
You can wear up to eight rings at the same time.
Your skin changes colour to match your surroundings (Stealth+).
Your rubbery body absorbs attacks. (AC +1, EV +1)
((You are camouflaged when in or above water. (Stealth+)))
You have tentacles for arms and can constrict up to eight enemies at once.


Message History

You now have 122 gold pieces (gained 5).
Jessica the Apprentice Sorceress comes into view.
She is wielding a +7 club.
Found a viscous silvery potion.
Unknown command.
Unknown command.
Press: ? - help, . - travel You can't see that place. [the floor.] Unknown command.
Unknown command.
Unknown command.
Unknown command.
(D) Dungeon
Where to? (Enter - D:1 @ (x,y), ? - help)
There is a stone staircase leading down here.
You climb downwards.
There is a stone staircase leading up here.
It was a potion of degeneration.
There was something very wrong with that liquid.
You feel weakened.
You feel dopey.
You feel clumsy.
You drop 3 potions of degeneration.
You open the door.
There is an open door here.
An adder comes into view.
Found 5 stones.
You shoot a sling bullet. The sling bullet hits the adder.
The adder hisses angrily.
The adder is heavily wounded.
You shoot a sling bullet. The sling bullet misses the adder.
The adder misses you.
You are now empty-tentacled.
You closely miss the adder. Your grab misses the adder.
The adder is heavily wounded.
The adder bites you but does no damage.
You miss the adder. Your grab misses the adder.
The adder is heavily wounded.
The adder barely misses you. The adder bites you.
You take 2 damage, and have 24/26 hp.
You closely miss the adder. Your grab misses the adder.
Your squeeze misses the adder.
The adder is heavily wounded.
The adder barely misses you.
You tentacle-slap the adder but do no damage.
Your grab misses the adder.
The adder is moderately wounded.
The adder barely misses you.
You tentacle-slap the adder. You grab the adder. You squeeze the adder.
You kill the adder!
No target in view!
b - a +0 sling (weapon)
HP restored.
You now have 129 gold pieces (gained 7).
You see here 5 stones.
Ijyb the Twisted Goblin comes into view.
She is wielding a +0 club and carrying a wand of iceblast (9).
Ijyb shouts!
Health restored: 27 Unknown command.
Ijyb screams, "It's all mine!"
As you read the scroll of butterflies, it crumbles to dust.
You hear the tinkle of a tiny bell.
Ijyb screams, "It's all mine!"
You swap places.
You swap places.
Ijyb barely misses your butterfly. Ijyb closely misses your butterfly.
There is an open door here.
You close the door.
You swap places.
There is a stone staircase leading up here.
You see here 3 potions of degeneration.
Your butterfly disappears in a burst of colours!
You open the door.
There is an open door here.
Found a chain mail.
There is a stone staircase leading down here.
Found 14 gold pieces.
You now have 143 gold pieces (gained 14).
You open the door.
There is an open door here.
There is a stone staircase leading up here.
You climb upwards.
Level annotation: Jessica, Natasha, Sigmund
There is a stone staircase leading down here.
You climb downwards.
Level annotation: Ijyb
There is a stone staircase leading up here.
Press: ? - help, v - describe, . - travel A stone staircase leading up.
Placed new exclusion.
Reduced exclusion size to a single square.
Removed exclusion.
You open the door.
Found a short sword.
There is an open door here.
There is a stone staircase leading down here.
You open the door.
Grinder and a ball python come into view.
The ball python hisses angrily.
You close the door.
It was a potion of brilliance.
You feel clever all of a sudden.
Grinder opens the door.
You feel yourself speed up. The ball python barely misses you. x2
You are now empty-tentacled.
You tentacle-slap the ball python.
You kill the ball python!
Grinder hits you.
You writhe in agony.
There is an open door, spattered with blood here.
You see here 6 gold pieces.
You take 3 damage, and have 24/27 hp.
You barely miss Grinder. You grab Grinder. You constrict Grinder.
Grinder hits you.
You writhe in agony.
You take 7 damage, and have 17/27 hp.
MASSIVE DAMAGE!!
You completely miss Grinder.
Grinder is lightly wounded.
You constrict Grinder, but do no damage.
You tentacle-slap Grinder but do no damage.
You squeeze Grinder, but do no damage.
Grinder is lightly wounded.
You constrict Grinder. Grinder closely misses you.
You tentacle-slap Grinder.
Grinder is lightly wounded.
You constrict Grinder.
Grinder says, "DUCK!"
Grinder hits you!
* * * LOW HITPOINT WARNING * * *
You writhe in agony.
* * * LOW HITPOINT WARNING * * *
You take 13 damage, and have 4/27 hp.
MASSIVE DAMAGE!!
It was a potion of curing.
You feel better.
You constrict Grinder.
You regained 5 hp, and now have 9/27 hp.
You barely miss Grinder. You squeeze Grinder, but do no damage.
Grinder is moderately wounded.
You constrict Grinder. Grinder gestures at you. Pain shoots through your body!
* * * LOW HITPOINT WARNING * * *
You take 4 damage, and have 5/27 hp.
You tentacle-slap Grinder. You squeeze Grinder.
Grinder is heavily wounded.
You constrict Grinder, but do no damage.
Grinder misses you.
You tentacle-slap Grinder but do no damage.
Your squeeze misses Grinder.
Grinder is heavily wounded.
You constrict Grinder. You tentacle-slap Grinder.
You squeeze Grinder, but do no damage.
Grinder is heavily wounded.
You constrict Grinder. Grinder hits you!
You die...
Your body crumbles into a pile of gold.

.#. . #.## # $ ##+# ...
# #...# #.# # .....#
##.# # ......# ##..# #
.......####...##########
......5@...........>....
.......####...##########
......# ##..# #. .....#
##.# #. #...# #.# #.
##+# #.# ## #.# # #.# #


You could see Grinder.

Vanquished Creatures
  2 adders
  A worm (D:2)
  2 bats (D:2)
  3 endoplasms
  4 goblins (D:1)
  5 hobgoblins (D:1)
  2 quokkas
  3 ball pythons
  A frilled lizard (D:2)
  A kobold (D:1)
  4 rats
28 creatures vanquished.

Notes
Turn   | Place    | Note
-------+----------+-------------------------------------------
     0 | D:1      | mdonais the Octopode Wanderer began the quest for the Orb.
     0 | D:1      | mdonais set off with the following items: a +0 spear, a +0
                  | hat, a scroll of butterflies, 2 potions of haste.
     0 | D:1      | Reached XP level 1. HP: 14/14 MP: 1/1
   336 | D:1      | Reached XP level 2. HP: 11/20 MP: 2/2
  1012 | D:1      | Found a faded altar of an unknown god.
  1019 | D:1      | Prayed at the altar of an unknown god.
  1019 | D:1      | Became a worshipper of Gozag Ym Sagoz the Greedy
  1063 | D:2      | Found Orauluont's Antique Weapon Shop.
  1087 | D:2      | Noticed Natasha
  1102 | D:2      | Noticed Sigmund
  1426 | D:2      | Reached XP level 3. HP: 26/26 MP: 3/3
  1637 | D:2      | Noticed Jessica
  1724 | D:3      | Noticed Ijyb
  1937 | D:3      | Noticed Grinder
  1952 | D:3      | Slain by Grinder

Illustrated notes

Levels and vault maps discovered:
D:1:      lightli_arrival_maybe_door_vault, layout_rooms,
          shapermc_ecumenical_altar_hornbeckon, corexii_hall_statues_s
D:2:      layout_rooms, serial_shops, shop, uniq_sigmund, uniq_jessica,
          uniq_natasha
D:3:      layout_loops_corners, uniq_ijyb, uniq_grinder

Skill      XL: |  1  2 |
---------------+-------+-----
Stealth        | 3 |  3.3
Fighting       | 3 |  3.7
Polearms       | |  1.0
Unarmed Combat | |  4.0
Evocations     | |  1.1

Action                   || total
-------------------------++-------
Melee: Unarmed           ||    52
       Tentacles         ||    14
       Constrict         ||    10
       Punch             ||     1
 Fire: Sling             ||    25
  Use: Potion            ||     4
       Scroll            ||     1
 Stab: Sleeping          ||     7
       Distracted        ||     1
Armor: Skin              ||     3
Dodge: Dodged            ||    13
